 Dungeon Crawl Stone Soup version 0.23.2-1-ga50397a (webtiles) character file.

Game seed: 17735108418921304884

232721 dvd the Blocker (level 18, -5/140 HPs)
             Began as a Mummy Fighter on May 9, 2019.
             Was an Initiate of Gozag.
             Slain by a demonic crawler (6 damage)
             ... on level 3 of the Spider Nest on May 11, 2019.
             The game lasted 02:52:05 (41036 turns).

dvd the Blocker (Mummy Fighter)                    Turns: 41036, Time: 02:52:06

Health: -5/140     AC: 33    Str: 26    XL:     18   Next: 83%
Magic:  0/19       EV: 15    Int: 14    God:    Gozag
Gold:   2838       SH:  0    Dex: 15    Spells: 16/19 levels left

rFire    . . .     SeeInvis +   c - +7 hand axe (freeze)
rCold    + + .     Gourm    .   O - +3 shield
rNeg     + + +     Faith    .   H - +9 pearl dragon scales of Reax {rN+ MR+ Regen+}
rPois    ∞         Spirit   +   Q - +1 helmet {SInv}
rElec    +         Reflect  +   L - scarf {Spirit}
rCorr    .         Harm     .   s - +0 pair of gloves
MR       ++++.                  o - +2 pair of boots
Stlth    ..........             e - +5 amulet of reflection
HPRegen  0.73/turn              Z - ring of the Okapi {rF+ rC+ Str+4 Int+5 Dex-4}
MPRegen  0.16/turn              A - ring of Eniqokh {rElec MR+ Dex+4}

@: confused, gold aura
A: no food or potions, fire vulnerability, cold resistance 1, negative energy
resistance 3, torment resistance, unbreathing, in touch with death 1
}: 1/15 runes: decaying
a: Potion Petition, Call Merchant, Bribe Branch, Renounce Religion


You were on level 3 of the Spider Nest.
You worshipped Gozag.
Gozag was most pleased with you.
You were not hungry.

You visited 7 branches of the dungeon, and saw 33 of its levels.
You also visited: Ice Cave and Wizlab.

You collected 13861 gold pieces.
You spent 3873 gold pieces at shops.
You paid 7150 gold pieces to Gozag.

Inventory:

Hand Weapons
 a - the +6 long sword of Ugacikh {freeze, rC+ MR++}
   (You found it on level 6 of the Lair of Beasts)

   It has been specially enchanted to freeze those struck by it, causing extra
   injury to most foes and up to half again as much damage against particularly
   susceptible opponents.
   It can also slow down cold-blooded creatures.
   It protects you from cold.
   It affects your resistance to hostile enchantments.
 b - a +3 short sword of draining
 c - a +7 hand axe of freezing (weapon)
 x - a +6 demon trident of venom
 C - a +0 war axe of freezing
Missiles
 v - a silver tomahawk (quivered)
 D - 21 tomahawks
 M - 4 steel javelins
Armour
 j - a +1 cloak of magic resistance
 o - a +2 pair of boots (worn)
 s - a +0 pair of gloves (worn)
 z - a +0 large shield
 H - the +9 pearl dragon scales of Reax (worn) {rN+ MR+ Regen+}
   (You bought it in a shop on level 7 of the Dungeon)

   It protects you from negative energy.
   It affects your resistance to hostile enchantments.
   It increases your rate of regeneration.
 L - a scarf of spirit shield (worn)
 O - a +3 shield (worn)
 Q - a +1 helmet of see invisible (worn)
Jewellery
 e - a +5 amulet of reflection (around neck)
 m - an uncursed ring of stealth
 q - an uncursed amulet of regeneration
 t - an uncursed ring of fire
 A - the ring of Eniqokh (right hand) {rElec MR+ Dex+4}
   (You took it off a boggart on level 13 of the Dungeon)

   [ring of protection from magic]

   It affects your dexterity (+4).
   It insulates you from electricity.
   It affects your resistance to hostile enchantments.
 E - an uncursed ring of protection from fire
 I - a +4 ring of strength
 W - an uncursed ring of wizardry
 X - an uncursed ring of flight
 Z - the ring of the Okapi (left hand) {rF+ rC+ Str+4 Int+5 Dex-4}
   (You found it on level 3 of the Swamp)

   [ring of intelligence]

   It affects your strength (+4).
   It affects your intelligence (+5).
   It affects your dexterity (-4).
   It protects you from fire.
   It protects you from cold.
Wands
 f - a wand of clouds (6)
 g - a wand of flame (81)
 i - a wand of enslavement (4)
 k - a wand of polymorph (19)
 p - a wand of random effects (58)
 r - a wand of iceblast (16)
 w - a wand of digging (13)
 B - a wand of paralysis (24)
 J - a wand of acid (16)
 K - a wand of disintegration (7)
 P - a wand of scattershot (3)
Scrolls
 d - 17 scrolls of identify
 h - 6 scrolls of fear
 l - 11 scrolls of teleportation
 n - 2 scrolls of blinking
 F - a scroll of amnesia
 R - 2 scrolls of torment
 S - a scroll of fog
 T - 5 scrolls of magic mapping
 Y - a scroll of remove curse
Miscellaneous
 u - 4 phantom mirrors
 y - a lamp of fire


   Skills:
 + Level 12.2 Fighting
 + Level 8.8(10.7) Short Blades
 + Level 9.9(11.2) Long Blades
 + Level 11.2 Axes
 + Level 4.1 Throwing
 * Level 13.9 Armour
 + Level 8.0 Dodging
 + Level 4.0 Stealth
 + Level 14.3 Shields
 + Level 1.3 Spellcasting
 + Level 0.4 Translocations
 + Level 0.8 Evocations


You had 16 spell levels left.
You knew the following spells:

 Your Spells              Type           Power        Failure   Level  Hunger
a - Apportation           Tloc           #.....       43%         1    N/A
b - Blink                 Tloc           N/A          58%         2    N/A

Your spell library contained the following spells:

 Spells                   Type           Power        Failure   Level  Hunger
 Animate Skeleton         Necr           N/A          52%         1    N/A
 Confusing Touch          Hex            #.....       52%         1    N/A
 Corona                   Hex            #......      52%         1    N/A
 Magic Dart               Conj           #...         52%         1    N/A
 Sandblast                Erth           #.....       52%         1    N/A
 Summon Butterflies       Summ           #.......     52%         1    N/A
 Summon Small Mammal      Summ           #...         52%         1    N/A
 Call Imp                 Summ           #.......     65%         2    N/A
 Ensorcelled Hibernation  Hex/Ice        #.....       65%         2    N/A
 Passwall                 Tmut/Erth      #.......     65%         2    N/A
 Searing Ray              Conj           #.....       65%         2    N/A
 Slow                     Hex            #.......     65%         2    N/A
 Sticks to Snakes         Tmut           #.......     65%         2    N/A
 Call Canine Familiar     Summ           #.......     87%         3    N/A
 Confuse                  Hex            #.......     87%         3    N/A
 Conjure Flame            Conj/Fire      #.......     87%         3    N/A
 Dazzling Spray           Conj/Hex       #.....       87%         3    N/A
 Mephitic Cloud           Conj/Pois/Air  #.......     87%         3    N/A
 Stone Arrow              Conj/Erth      #.....       87%         3    N/A
 Tukima's Dance           Hex            #.......     87%         3    N/A
 Force Lance              Conj/Tloc      #.......     99%         4    N/A
 Fulminant Prism          Conj/Hex       #.........   99%         4    N/A
 Iskenderun's Mystic Bla  Conj           #.......     99%         4    N/A
 Leda's Liquefaction      Hex/Erth       #.........   99%         4    N/A
 Petrify                  Tmut/Erth      #.......     99%         4    N/A
 Summon Ice Beast         Ice/Summ       #.......     99%         4    N/A
 Bolt of Magma            Conj/Fire/Erth #.........   100%        5    N/A
 Borgnjor's Vile Clutch   Necr/Erth      #.........   100%        5    N/A
 Lee's Rapid Deconstruct  Erth           #.........   100%        5    N/A
 Metabolic Englaciation   Hex/Ice        #.........   100%        5    N/A
 Silence                  Hex/Air        #.........   100%        5    N/A
 Summon Mana Viper        Hex/Summ       #.......     100%        5    N/A
 Bolt of Cold             Conj/Ice       #.........   100%        6    N/A
 Darkness                 Hex            #.........   100%        6    N/A
 Freezing Cloud           Conj/Ice/Air   #.........   100%        6    N/A
 Iron Shot                Conj/Erth      #.........   100%        6    N/A
 Ozocubu's Refrigeration  Ice            #.........   100%        6    N/A
 Shadow Creatures         Summ           N/A          100%        6    N/A
 Simulacrum               Ice/Necr       #.........   100%        6    N/A
 Summon Hydra             Summ           #.........   100%        7    N/A
 Shatter                  Erth           #.........   100%        9    N/A
 Beastly Appendage        Tmut           Unusable     N/A         1    N/A
 Spider Form              Tmut/Pois      Unusable     N/A         3    N/A
 Ice Form                 Ice/Tmut       Unusable     N/A         4    N/A
 Blade Hands              Tmut           Unusable     N/A         5    N/A
 Statue Form              Tmut/Erth      Unusable     N/A         6    N/A

Dungeon Overview and Level Annotations

Branches:
Dungeon (15/15)            Temple (1/1) D:4            Lair (6/6) D:11
  Swamp (4/4) Lair:4       Spider (3/4) Lair:2        Slime (0/5) Lair:5
    Orc (2/2) D:10            Elf (2/3) Orc:2        Vaults (0/5) D:13
 Depths (0/5) D:15

Altars:
Ashenzari
Cheibriados
Dithmenos
Elyvilon
Fedhas
Gozag
Hepliaklqana
Kikubaaqudgha
Makhleb
Nemelex Xobeh
Okawaru
Qazlal
Ru
Sif Muna
Trog
Uskayaw
Vehumet
Wu Jian
Xom
Yredelemnul
Zin
The Shining One
Beogh
Jiyva

Shops:
D:7 [   D:11 ((   D:12 *   D:13 [   Orc:2 ??}(   Lair:3 (   Lair:4 [   Lair:5 =

Portals:
Trove: D:11 (give +5 demon blade)

Annotations:
D:13 1 runed translucent door
Lair:5 exclusion: oklob plant
Spider:2 1 runed translucent door, Gohat's ghost, journeyman HOBe
Elf:2 3 runed translucent doors


Innate Abilities, Weirdness & Mutations

You do not eat or drink.
Your flesh is vulnerable to fire.
You are immune to poison.
Your flesh is cold resistant. (rC+)
You are immune to negative energy. (rN+++)
You are immune to unholy pain and torment.
You can survive without breathing.
You are in touch with the powers of death.


Message History

You barely miss the redback. You hit the redback. You freeze the redback.
You hit the demonic crawler but do no damage.
The jumping spider is no longer distracted by gold.
The wolf spider hits you but does no damage.
The wolf spider misses you.
The demonic crawler barely misses you. x2
The demonic crawler closely misses you.
The redback bites you but does no damage.
The tarantella closely misses you. The redback misses you.
The wolf spider hits you but does no damage.
The wolf spider misses you.
You slash the redback! You freeze the redback.
The redback is severely wounded.
You closely miss the redback. You slash the demonic crawler!
You freeze the demonic crawler. You hit the tarantella.
You freeze the tarantella. You closely miss the wolf spider.
The redback bites you.
* * * LOW HITPOINT WARNING * * *
The demonic crawler hits you. x2
You die...
Your body crumbles into a pile of gold.

## . .#.# .. .^..
## ... #..## .##..
#...#s's #.#ss#
#s@# #ss#### ######
#....ss#...###....#
.s###.##....##....#
#.#...#..^..##.# #
....#..###.<.#..# P
..#..^.## ###..#.#
. ^.####.# ##^..# .
## ## ###.#


P You could see a demonic crawler, a wolf spider, an orb spider, a jumping
spider, 3 tarantellas and 2 redbacks.

Vanquished Creatures
  Arachne (Spider:1)
  Jorgrun (Swamp:2)
  Agnes (Spider:3)
  2 thorn hunters
  Kirke (Spider:3)
  Louise (Spider:1)
  Aizul (Swamp:1)
  An orc warlord (D:10)
  An emperor scorpion (Lair:2)
  3 entropy weavers
  A stone giant (Orc:1)
  A dire elephant (Lair:6)
  Azrael (D:13)
  2 deep elf annihilators (Elf:2)
  Snorg (D:13)
  A deep elf death mage (Elf:2)
  2 fire dragons
  A rakshasa (D:13)
  Erolcha (Orc:2)
  A yaktaur captain (D:13)
  A deep elf high priest (Elf:2)
  29 hydras
  A catoblepas (Lair:5)
  3 shambling mangroves
  6 centaur warriors
  13 alligators
  2 two-headed ogres
  5 tengu warriors
  4 ogre magi
  A death knight (D:12)
  6 death yaks
  A spriggan berserker (Swamp:4)
  Urug (Lair:1)
  Sonja (Lair:5)
  2 orc high priests
  11 deep elf knights
  2 spriggan druids
  8 unseen horrors
  A wizard (Swamp:1)
  11 deep elf archers
  13 swamp dragons
  3 lindwurms (Lair:6)
  A wolf spider zombie (D:15)
  43 deep elf magi
  10 orc sorcerers
  16 orb spiders
  An orc knight (D:15)
  17 wolf spiders
  2 manticores
  5 cyclopes
  4 elephants (Lair:5)
  A moth of wrath (Spider:1)
  13 ugly things
  5 black mambas
  2 ice statues (IceCv)
  A naga mage (D:15)
  8 torpor snails
  24 spiny frogs
  2 rime drakes (Lair:3)
  2 gargoyles
  A kobold demonologist (D:12)
  3 yaktaurs (D:13)
  A komodo dragon (shapeshifter) (D:13)
  9 komodo dragons
  7 demonic crawlers
  A tengu conjurer (D:13)
  3 meliai (Spider:3)
  28 jumping spiders
  12 polar bears
  Grinder (D:3)
  4 trolls
  21 hornets
  A queen bee (Spider:3)
  27 tyrant leeches
  14 slime creatures
  Prince Ribbit (D:6)
  A dream sheep (shapeshifter) (Elf:1)
  16 bog bodies
  7 blink frogs
  6 dream sheep (Lair:6)
  49 redbacks
  12 hippogriffs
  A centaur simulacrum (D:14)
  3 spriggans
  42 yaks
  23 tarantellas
  3 vampires
  5 wyverns
  2 water elementals (D:15)
  2 shadows (D:14)
  A hog (Spider:3)
  6 basilisks
  5 hungry ghosts
  2 fire elementals
  17 vampire mosquitoes
  18 swamp worms
  6 wargs
  16 insubstantial wisps
  14 water moccasins
  An acid dragon (D:12)
  14 swamp drakes
  20 hell hounds
  22 orc warriors
  15 porcupines
  8 ice beasts
  3 phantoms
  7 sky beasts
  3 eyes of draining
  16 ogres
  14 black bears
  2 necrophages
  A boggart (D:13)
  4 centaurs
  24 wolves
  15 crocodiles
  6 big kobolds
  18 bullfrogs
  A wyvern zombie (D:14)
  2 gnoll sergeants
  3 earth elementals (Elf:2)
  4 scorpions
  A water moccasin skeleton (D:9)
  5 jellies
  28 killer bees
  11 wights
  2 electric eels
  4 howler monkeys
  A bullfrog zombie (D:12)
  7 crimson imps
  A quasit (D:12)
  4 centaur zombies
  19 orc priests
  12 hounds
  6 centaur skeletons
  A gnoll shaman (D:4)
  7 bullfrog skeletons
  2 iguanas
  Jessica (D:2)
  7 worker ants
  Natasha (thrice) (D:2)
  Terence (D:2)
  36 orc wizards
  A bullfrog simulacrum (D:13)
  A hound skeleton (D:9)
  3 worker ant zombies
  13 gnolls
  14 adders
  A howler monkey skeleton (D:4)
  2 shadow imps
  An ooze (D:5)
  An adder zombie (D:6)
  5 worms
  A dart slug (D:1)
  13 leopard geckos
  84 orcs
  2 ball pythons
  6 giant cockroaches
  7 goblins
  3 hobgoblins
  2 jackals (D:9)
  5 quokkas
  11 bats
  7 frilled lizards
  17 kobolds
  A quokka zombie (D:7)
  7 rats
  3 plants
1271 creatures vanquished.

Vanquished Creatures (collateral kills)
  2 ice beasts (IceCv)
2 creatures vanquished.

Vanquished Creatures (others)
  A hydra (Swamp:4)
  5 dancing weapons
  A spriggan berserker (Swamp:4)
  2 deep elf archers (Elf:2)
  A tarantella (Spider:2)
  3 humans (Spider:3)
  3 swamp drakes
  An ogre (D:13)
  2 bullfrogs
  A killer bee (Spider:3)
  An orc wizard (Orc:2)
  2 human simulacra (D:13)
  An orc (D:10)
  12 fungi
  38 plants
  6 toadstools (Swamp:1)
80 creatures vanquished.

Grand Total: 1353 creatures vanquished

Notes
Turn   | Place    | Note
-------+----------+-------------------------------------------
     0 | D:1      | dvd the Mummy Fighter began the quest for the Orb.
     0 | D:1      | Reached XP level 1. HP: 18/18 MP: 1/1
   118 | D:1      | Reached XP level 2. HP: 24/24 MP: 2/2
   553 | D:1      | Reached XP level 3. HP: 27/29 MP: 3/3
   778 | D:2      | Noticed Terence
   794 | D:2      | Killed Terence
  1226 | D:2      | Reached XP level 4. HP: 21/36 MP: 4/4
  1451 | D:2      | Noticed Jessica
  1454 | D:2      | Killed Jessica
  1454 | D:2      | Reached skill level 3 in Shields
  1471 | D:2      | Noticed Natasha
  1475 | D:2      | Killed Natasha
  1475 | D:2      | Reached XP level 5. HP: 36/42 MP: 5/5
  1499 | D:2      | Noticed Natasha
  1507 | D:2      | Killed Natasha
  1659 | D:2      | Noticed Natasha
  1668 | D:2      | Killed Natasha
  1892 | D:3      | Reached skill level 1 in Short Blades
  2114 | D:3      | Reached XP level 6. HP: 46/48 MP: 6/6
  2166 | D:3      | You fall through a shaft for 2 floors!
  2166 | D:5      | Entered Level 5 of the Dungeon
  2273 | D:4      | Found a staircase to the Ecumenical Temple.
  2295 | Temple   | Entered the Ecumenical Temple
  2408 | Temple   | Became a worshipper of Gozag Ym Sagoz the Greedy
  2830 | D:3      | Noticed Grinder
  2869 | D:3      | Killed Grinder
  2869 | D:3      | Reached skill level 1 in Dodging
  2869 | D:3      | Reached XP level 7. HP: 39/55 MP: 7/7
  4579 | D:5      | Reached XP level 8. HP: 61/61 MP: 8/8
  5110 | D:6      | Noticed Prince Ribbit
  5145 | D:6      | Reached skill level 4 in Shields
  5157 | D:6      | Killed Prince Ribbit
  5157 | D:6      | Reached skill level 1 in Stealth
  5376 | D:6      | Reached skill level 5 in Fighting
  5557 | D:6      | Reached skill level 5 in Short Blades
  5928 | D:6      | Reached skill level 5 in Armour
  6072 | D:7      | Found a hazy altar of Hepliaklqana.
  6134 | D:7      | Reached XP level 9. HP: 37/68 MP: 9/9
  7288 | D:8      | Reached skill level 5 in Shields
  7655 | D:8      | Reached XP level 10. HP: 42/76 MP: 10/10
  7878 | D:8      | Reached skill level 5 in Axes
  8146 | D:8      | Found a bloodstained altar of Trog.
  9097 | D:9      | Found a deep blue altar of Sif Muna.
  9231 | D:9      | Reached skill level 6 in Shields
  9233 | D:9      | Reached skill level 1 in Throwing
  9827 | D:9      | Reached XP level 11. HP: 74/83 MP: 11/11
  9977 | D:10     | Entered Level 10 of the Dungeon
 10861 | D:10     | Found a staircase to the Orcish Mines.
 10995 | D:10     | Noticed a deep elf mage
 11307 | D:11     | Found a portal to a secret trove of treasure.
 11345 | D:11     | Killed an unseen horror
 11428 | D:11     | Noticed a white ugly thing
 11449 | D:11     | Killed a white ugly thing
 11555 | D:11     | Killed an unseen horror
 11600 | D:11     | Reached skill level 7 in Shields
 11713 | D:10     | Killed a deep elf mage
 11780 | Orc:1    | Entered Level 1 of the Orcish Mines
 11781 | Orc:1    | Noticed an orc high priest
 11932 | Orc:1    | Killed an orc high priest
 12047 | D:7      | Bought the +9 pearl dragon scales of Reax {rN+ MR+ Regen+}
                  | for 1911 gold pieces
 12144 | D:11     | Noticed a red ugly thing
 12156 | D:11     | Found Rep Nuph's Weapon Boutique.
 12343 | D:11     | Reached XP level 12. HP: 92/92 MP: 12/12
 12671 | Orc:1    | Noticed an orc warlord
 12996 | D:7      | Bought the +2 cloak of the Thief {+Fog Slay-2 SInv Stlth+}
                  | for 281 gold pieces
 12996 | D:7      | Found the +2 cloak of the Thief {+Fog Slay-2 SInv Stlth+}
 13394 | D:11     | Found a staircase to the Lair.
 13678 | Lair:1   | Entered Level 1 of the Lair of Beasts
 13986 | Lair:1   | Reached skill level 8 in Shields
 14179 | Lair:1   | Noticed Urug
 14221 | Lair:1   | Killed Urug
 15357 | Lair:2   | Found a hole to the Spider Nest.
 15485 | Lair:3   | Noticed a seven-headed hydra
 15502 | Lair:3   | Killed a seven-headed hydra
 15589 | Lair:3   | Found a frozen archway.
 15600 | Lair:3   | Reached skill level 10 in Armour
 15633 | IceCv    | Entered an ice cave
 15652 | IceCv    | Gained mutation: You are in touch with the powers of death.
                  | [Mummy growth]
 15652 | IceCv    | Reached XP level 13. HP: 82/99 MP: 13/13
 15676 | IceCv    | Found a transporter.
 15716 | IceCv    | Found a transporter.
 15802 | IceCv    | Reached skill level 1 in Long Blades
 16726 | Lair:4   | Reached skill level 9 in Shields
 17019 | Lair:4   | Found a staircase to the Swamp.
 17313 | Lair:5   | Noticed Sonja
 17635 | Lair:5   | Killed Sonja
 17976 | Lair:5   | Found a viscous altar of Jiyva.
 17976 | Lair:5   | Found a staircase to the Slime Pits.
 18854 | Lair:5   | Reached XP level 14. HP: 43/108 MP: 14/14
 18946 | Lair:6   | Entered Level 6 of the Lair of Beasts
 19380 | Lair:6   | Reached skill level 5 in Dodging
 19389 | Lair:6   | Reached skill level 10 in Shields
 19502 | Lair:6   | Found a runed translucent door.
 20052 | Lair:6   | Got a scorched long sword
 20053 | Lair:6   | Identified the +6 long sword of Ugacikh {freeze, rC+ MR++}
                  | (You found it on level 6 of the Lair of Beasts)
 21522 | D:12     | Found Uneproask's Assorted Antiques.
 21541 | D:12     | Bought a glowing war axe for 195 gold pieces
 22255 | D:13     | Reached XP level 15. HP: 115/115 MP: 15/15
 22355 | D:13     | Reached skill level 5 in Long Blades
 22410 | D:13     | Identified the ring of Eniqokh {rElec MR+ Dex+4}
 22590 | D:13     | Reached skill level 11 in Shields
 22591 | D:13     | Noticed Azrael
 22639 | D:13     | Killed Azrael
 22696 | D:13     | Found a runed translucent door.
 22989 | D:13     | Noticed Snorg
 23008 | D:13     | Killed Snorg
 23073 | D:13     | Found a gate to the Vaults.
 23365 | D:13     | Reached skill level 10 in Fighting
 24647 | D:14     | Found a sacrificial altar of Ru.
 25014 | D:10     | Killed an orc warlord
 25443 | Orc:2    | Entered Level 2 of the Orcish Mines
 26109 | Orc:2    | Found a staircase to the Elven Halls.
 26382 | Orc:2    | Found Ycvol's Magic Scroll Boutique.
 26424 | Orc:2    | Found a radiant altar of Vehumet.
 26425 | Orc:2    | Noticed Erolcha
 26474 | Orc:2    | Killed Erolcha
 26525 | Orc:2    | Found Yqasusk's Gadget Shop.
 26552 | Orc:2    | Found an ancient bone altar of Kikubaaqudgha.
 26622 | Orc:2    | Found a roughly hewn altar of Beogh.
 26646 | Orc:2    | Found Fatitoom's Magic Scroll Shop.
 26680 | Orc:2    | Found Abuvvur's Antique Weapon Boutique.
 26732 | Orc:2    | Bought a scroll of acquirement for 780 gold pieces
 26979 | D:15     | Entered Level 15 of the Dungeon
 27073 | D:15     | Reached XP level 16. HP: 123/123 MP: 16/16
 27780 | D:15     | Found a staircase to the Depths.
 28238 | Spider:1 | Entered Level 1 of the Spider Nest
 28245 | Spider:1 | Reached skill level 12 in Shields
 29620 | Spider:1 | Reached skill level 10 in Axes
 29858 | Swamp:1  | Entered Level 1 of the Swamp
 29904 | Lair:4   | Bought a shiny helmet for 157 gold pieces
 29927 | Lair:4   | Bought an embroidered cloak for 157 gold pieces
 29954 | Lair:4   | Bought an embroidered scarf for 168 gold pieces
 30348 | Orc:2    | Bought a scroll of torment for 112 gold pieces
 30348 | Orc:2    | Bought a scroll of enchant weapon for 112 gold pieces
 30761 | Swamp:1  | Noticed Aizul
 30828 | Swamp:1  | Killed Aizul
 31220 | Swamp:1  | Noticed a thorn hunter
 31263 | Swamp:1  | Killed a thorn hunter
 32005 | Swamp:2  | Noticed Jorgrun
 32026 | Swamp:2  | Killed Jorgrun
 32353 | Swamp:2  | Got an ichor-stained hand axe
 32354 | Swamp:2  | Identified the cursed +1 hand axe of Yeast {chop, rElec}
                  | (You found it on level 2 of the Swamp)
 32483 | Swamp:3  | Reached XP level 17. HP: 83/131 MP: 8/17
 32892 | Swamp:3  | Got a warped wooden ring
 32893 | Swamp:3  | Identified the ring of the Okapi {rF+ rC+ Str+4 Int+5
                  | Dex-4} (You found it on level 3 of the Swamp)
 32908 | Swamp:3  | Learned a level 1 spell: Apportation
 33514 | Swamp:4  | Entered Level 4 of the Swamp
 33768 | Swamp:4  | Reached skill level 13 in Shields
 34336 | Swamp:4  | Learned a level 2 spell: Blink
 34502 | Swamp:4  | Reached skill level 1 in Spellcasting
 34620 | Swamp:4  | Got a decaying rune of Zot
 35099 | Elf:1    | Entered Level 1 of the Elven Halls
 35312 | Elf:1    | Found a magical portal.
 35330 | WizLab   | Entered Wucad Mu's Monastery
 37065 | Elf:2    | Reached XP level 18. HP: 138/139 MP: 19/19
 37095 | Elf:2    | Found a runed translucent gate.
 37095 | Elf:2    | Found a runed translucent gate.
 37095 | Elf:2    | Found a runed translucent gate.
 38002 | Spider:1 | Noticed Louise
 38051 | Spider:1 | Killed Louise
 38706 | Spider:2 | Noticed Arachne
 38753 | Spider:1 | Killed Arachne
 39669 | Spider:1 | Reached skill level 14 in Shields
 39966 | Spider:2 | Found a runed translucent door.
 39966 | Spider:2 | Noticed Gohat's ghost (journeyman HOBe)
 40633 | Spider:3 | Noticed Agnes
 40650 | Spider:3 | Killed Agnes
 40918 | Spider:3 | Noticed Kirke
 40934 | Spider:3 | Killed Kirke
 41033 | Spider:3 | HP: 7/140 [tarantella (8)]
 41034 | Spider:3 | HP: 2/140 [tarantella (3)]
 41036 | Spider:3 | Slain by a demonic crawler

Skill      XL: |  1  2  3  4  5  6  7  8  9 10 11 12 13 14 15 16 17 18 |
---------------+-------------------------------------------------------+-----
Axes           | 2 3 4 6 7 8 9 10 11 | 11.2
Shields        | 3 4 5 6 7 8 9 10 11 12 13 14 | 14.3
Armour         | 3 4 5 6 8 9 10 11 12 13 | 13.9
Short Blades   | 1 3 5 7 8 |  8.8
Fighting       | 4 5 6 7 8 9 10 11 12 | 12.2
Dodging        | 1 2 3 4 5 6 7 8 |  8.0
Stealth        | 1 2 3 4 |  4.0
Throwing       | 1 2 3 4 |  4.1
Long Blades    | 3 4 7 8 9 |  9.9
Spellcasting   | 1 |  1.3
Translocations | |  0.4
Evocations     | |  0.8

Action                   |  1- 3 |  4- 6 |  7- 9 | 10-12 | 13-15 | 16-18 || total
-------------------------+-------+-------+-------+-------+-------+-------++-------
Melee: War axe           |   103 |    18 |    25 |       |       |       ||   146
       Short sword       |       |   149 |   407 |   679 |   514 |   251 ||  2000
       Hand axe          |       |       |   105 |  1025 |   746 |  1163 ||  3039
       Long sword        |       |       |       |    12 |  1822 |  1948 ||  3782
Throw: Tomahawk          |       |       |     8 |    41 |   107 |   270 ||   426
       Javelin           |       |       |       |       |       |     2 ||     2
 Cast: Apportation       |       |       |       |       |       |     8 ||     8
Invok: Call Merchant     |       |       |     1 |       |     4 |     1 ||     6
       Potion Petition   |       |       |       |       |     1 |     3 ||     4
Evoke: Wand              |       |       |       |     3 |     8 |    34 ||    45
  Use: Scroll            |       |       |    15 |     8 |     9 |    14 ||    46
 Stab: Distracted        |       |       |       |     9 |    15 |    19 ||    43
       Confused          |       |       |       |     2 |     1 |     7 ||    10
       Sleeping          |       |       |       |       |     1 |       ||     1
       Paralysed         |       |       |       |       |       |     5 ||     5
       Invisible         |       |       |       |       |       |     4 ||     4
Armor: Scale mail        |    46 |    80 |     9 |       |       |       ||   135
       Chain mail        |       |       |    87 |       |       |       ||    87
       Plate armour      |       |       |   129 |   574 |       |       ||   703
       Pearl dragon scal |       |       |       |   360 |  1786 |  2210 ||  4356
Dodge: Dodged            |    35 |    55 |    93 |   416 |  1333 |  1772 ||  3704
Block: Shield            |    60 |   102 |   211 |   939 |  2649 |  3555 ||  7516
       Reflection        |       |       |       |       |       |    38 ||    38
       Rpst.: Long sword |       |       |       |     1 |   197 |   120 ||   318
